Map: Dusk Towers

Players

LilDicky

  • Race: Terran Terran
  • League: Diamond

Coballo - Winner!

  • Race: Zerg Zerg
  • League: Diamond

VOD

http://www.twitch.tv/tumescentpie

Description

Time

  • Played on: Nov. 26, 2015, 12:38 p.m.
  • Length: 5:52
Show
View Real Time Build Order
Export as new Build Order

LilDicky Terran 

Build Orders:  

Get SALT Encoding   

  12  0:01  SCV  
  13  0:13  SCV  
  14  0:18  Supply Depot  
  14  0:26  SCV  
  15  0:39  SCV  
  15  0:42  Refinery  
  16  0:45  Barracks  
  16  0:51  SCV  
  17  1:03  SCV  
  18  1:15  SCV  
  19  1:28  SCV  
  21  1:34  Reaper  
  21  1:40  Command Center  
  21  1:44  Orbital Command  
  21  1:58  Supply Depot  
  21  2:00  Refinery  
  21  2:06  Reaper  
  22  2:10  SCV  
  23  2:22  SCV  
  24  2:30  Factory  
  24  2:46  Barracks Reactor  
  24  2:47  SCV  
  24  2:50  Supply Depot  
  25  2:52  Orbital Command  
  25  3:22  SCV x2  
  25  3:23  Starport  
  27  3:30  Barracks Reactor  
  27  3:34  SCV x2, Hellion x2  
  33  3:46  SCV  
  33  3:47  SCV  
  35  3:55  Hellion x2  
  39  3:59  SCV x2  
  37  4:15  Liberator  
  37  4:16  Hellion x2, Liberator  
  41  4:20  SCV x2  
  41  4:24  Supply Depot  
  43  4:25  Refinery  
  43  4:26  Refinery  
  43  4:32  SCV x2  
  43  4:33  Command Center  
  51  4:42  Supply Depot  
  51  4:43  Barracks Tech Lab  
  51  4:44  SCV x2  
  53  4:47  Hellion x2  
  53  4:51  Supply Depot  
  38  5:16  Hellion x2  
  19  5:32  SCV  
Show
View Real Time Build Order
Export as new Build Order

Coballo Zerg - Winner!

Build Orders: Hatch First 

Get SALT Encoding   

  12  0:08  Overlord  
  12  0:12  Drone  
  13  0:17  Drone  
  14  0:26  Drone  
  15  0:30  Drone  
  16  0:40  Drone  
  17  0:55  Hatchery  
  16  0:57  Drone  
  16  1:02  Drone  
  18  1:12  Extractor  
  18  1:18  Drone, Spawning Pool  
  18  1:24  Drone  
  18  1:35  Drone  
  19  1:44  Overlord  
  19  2:05  Queen  
  19  2:06  Zergling x4  
  23  2:08  Queen  
  23  2:12  Metabolic Boost  
  23  2:15  Drone  
  26  2:19  Drone x2  
  28  2:31  Drone  
  28  2:32  Drone  
  30  2:38  Overlord  
  30  2:48  Queen  
  30  2:50  Queen  
  34  2:55  Drone x2  
  36  3:02  Baneling Nest  
  36  3:05  Zergling x6  
  37  3:15  Zergling x4  
  39  3:22  Overlord  
  39  3:23  Zergling x6  
  42  3:31  Zergling x2  
  43  3:35  Overlord  
  43  3:45  Zergling x8  
  45  4:10  Zergling x8  
  48  4:18  Zergling x10  
  48  4:20  Baneling x3  
  48  4:21  Baneling x3  
  53  4:26  Zergling x4  
  55  4:36  Hatchery  
  54  4:42  Zergling x2  
  54  4:43  Zergling x4  
  57  4:50  Zergling x2  
  55  5:00  Zergling x8  
  59  5:17  Zergling x2  
  59  5:19  Overlord x4  
  59  5:21  Spore Crawler  
  59  5:23  Spore Crawler  
  52  5:32  Drone x2  
Tags
 
Add a new tag
Caveats
  • Supply blocks, unpowered buildings, or Contaminate may cause inaccurate times.
  • Supply counts are checked every 10 seconds.